 Dungeon Sprint DCSS version 0.30-a0-368-g86fb4627a9 (webtiles) character file.

Game seed: 9838508575637858650

21684 JOEMAMA2 the Executioner (level 12, -16/201 HPs)
             Began as a Minotaur Berserker on Nov 19, 2022.
             Was an Elder of Trog.
             Demolished by Rupert
             ... wielding a +1 great sword of electrocution
              (37 damage)
             ... in the Dungeon (Sprint IX: "|||||||||||||||||||||||||||||").
             The game lasted 00:14:31 (3631 turns).

JOEMAMA2 the Executioner (Minotaur Berserker)       Turns: 3631, Time: 00:14:32

Health: -16/201    AC: 24    Str: 35    XL:     12   Next: 56%
Magic:  11/11      EV: 15    Int: -1    God:    Trog [****..]
Gold:   1336       SH:  0    Dex: 16    Spells: 11/11 levels left

rFire   . . .      SeeInvis +    B - +10 executioner's axe of the Hidden Vale {vorpal, rC+ Str+4 Int-5}
rCold   + . .      Faith    .    (shield currently unavailable)
rNeg    . . .      Spirit   .    D - +0 plate armour
rPois   .          Reflect  .    (helmet restricted)
rElec   .          Harm     .    (no cloak)
rCorr   .          Rampage  .    E - +2 pair of gloves of Oqomiy {Str+4 SInv}
Will    .....      NoTele   +    j - +2 pair of boots
Stlth   ..........               (no amulet)
HPRegen 0.53/turn                m - +3 ring of dexterity
MPRegen 0.12/turn                n - +3 ring of dexterity

@: berserking, slowed, lost intelligence, unable to read
A: horns 2, retaliatory headbutt
a: Renounce Religion, Berserk, Trog's Hand, Brothers in Arms


You were in the Dungeon.
You worshipped Trog.
Trog was greatly pleased with you.
You visited 1 branch You collected 1677 gold pieces.
You spent 341 gold pieces at shops.

Inventory:

Hand Weapons
 a - a +0 hand axe
 i - a +9 war axe of venom
 o - a +2 dire flail of protection
 p - a +2 halberd of protection
 q - a +4 quarterstaff of speed
 r - a +2 rapier of draining
 s - a +2 scimitar of flaming
 v - a +3 battleaxe
 w - a +5 battleaxe
 y - the +6 rapier of Nechonwaw {vorpal, rC+ rCorr MP-9}
   (You found it in the Dungeon)

   It inflicts extra damage upon your enemies.
   rC:        It protects you from cold.
   MP:        It affects your magic capacity (-9).
   rCorr:     It protects you from acid and corrosion.
 B - the +10 executioner's axe of the Hidden Vale (weapon) {vorpal, rC+ Str+4 Int-5}
   (Trog gifted it to you in the Dungeon)

   It inflicts extra damage upon your enemies.
   Str:       It affects your strength (+4).
   Int:       It affects your intelligence (-5).
   rC:        It protects you from cold.
 C - a +1 executioner's axe of flaming
Armour
 b - a +0 animal skin
 j - a +2 pair of boots (worn)
 k - a +0 pair of boots
 l - a +1 scale mail
 A - a +0 pair of gloves
 D - a +0 plate armour (worn)
 E - the +2 pair of gloves of Oqomiy (worn) {Str+4 SInv}
   (You bought it in a shop in the Dungeon)

   Str:       It affects your strength (+4).
   SInv:      It lets you see invisible.
 L - the +0 ring mail "Dixzalach" {rC+ Str+3}
   (You found it in the Dungeon)

   Str:       It affects your strength (+3).
   rC:        It protects you from cold.
Jewellery
 m - a +3 ring of dexterity (left hand)
 n - a +3 ring of dexterity (right hand)
 z - a ring of protection from cold
 F - a ring of see invisible
 G - a ring of poison resistance
 H - a ring of willpower
 I - a ring of protection from fire
Wands
 g - a wand of iceblast (10)
Scrolls
 h - 2 scrolls of blinking
 x - 3 scrolls of fear
 J - a scroll of identify
 K - 2 scrolls of enchant weapon
Potions
 c - 6 potions of curing
 d - 5 potions of heal wounds
 e - a potion of invisibility
 f - 4 potions of magic
 t - a potion of berserk rage
 u - 3 potions of haste


   Skills:
 + Level 20.4 Fighting
 + Level 25.8 Axes
 + Level 15.4 Armour
 + Level 12.6 Dodging
 + Level 2.9 Stealth


You had 11 spell levels left.
You didn't know any spells.
Your spell library was empty.

Dungeon Overview and Level Annotations

Branches:
Dungeon (1/1)

Altars:
Cheibriados
Dithmenos
Elyvilon
Fedhas
Gozag
Hepliaklqana
Kikubaaqudgha
Makhleb
Nemelex Xobeh
Okawaru
Qazlal
Ru
Sif Muna
Trog
Uskayaw
Vehumet
Wu Jian
Xom
Yredelemnul
Zin
The Shining One
Jiyva
Lugonu

Shops:
D ::[:

Annotations:
D Rupert


Innate Abilities, Weirdness & Mutations

You have a pair of horns on your head.
You reflexively headbutt those who attack you in melee.


Message History

Rupert is moderately wounded.
Rupert hits you with a +1 great sword of electrocution!!!
You open Rupert like a pillowcase!!!
Rupert is heavily wounded.
Rupert misses you.
Rupert hits you with a +1 great sword of electrocution!!
You closely miss Rupert.
Rupert is heavily wounded.
Rupert hits you with a +1 great sword of electrocution!!
* * * LOW HITPOINT WARNING * * *
You are electrocuted!
* * * LOW HITPOINT WARNING * * *
Rupert barely misses you.
Your ogre goes berserk!
Trog will no longer gift you weapons. Rupert barely misses you.
You furiously retaliate!
You headbutt Rupert!
Rupert hits you with a +1 great sword of electrocution!
* * * LOW HITPOINT WARNING * * *
You swap places.
Rupert hits your ogre with a +1 great sword of electrocution!!
Your ogre hits Rupert with a +0 giant club.
Rupert hits your ogre with a +1 great sword of electrocution.
Your ogre closely misses Rupert.
Rupert hits your ogre with a +1 great sword of electrocution!!
Your ogre dies!
Your ogre's corpse disappears in a puff of smoke!
Rupert barely misses you.
A red film seems to cover your vision as you go berserk!
You feel yourself moving faster!
You feel mighty!
Rupert hits you with a +1 great sword of electrocution.
* * * LOW HITPOINT WARNING * * *
Rupert barely misses you.
You barely miss Rupert.
Rupert is heavily wounded.
Rupert hits you with a +1 great sword of electrocution!
* * * LOW HITPOINT WARNING * * *
You closely miss Rupert.
Rupert is heavily wounded.
Rupert hits you with a +1 great sword of electrocution!!!
You die...

.....................)......▓
▓▓▓▓▓▓▓▓▓▓▓▓▓▓▓▓▓▓▓▓▓▓▓▓▓▓▓▓▓
))).))∩)∩.∩.∩.....'.........▓
▓▓▓▓▓▓▓▓▓▓▓▓▓▓▓▓▓▓▓▓▓▓▓▓▓▓▓.▓
............................▓
▓▓▓▓▓▓▓▓▓▓▓▓▓▓▓▓▓▓▓▓▓▓▓▓▓▓▓▓▓
..)))(.)..........'.........▓
▓▓▓▓▓▓▓▓▓▓▓▓▓▓▓▓▓▓▓▓▓▓▓▓▓▓▓.▓
.........@@...........▓
▓▓▓▓▓▓▓▓▓▓▓▓▓▓▓▓▓▓▓▓▓▓▓


You could see Rupert (berserk).

Vanquished Creatures
  A stone giant (D)
  Harold (D)
  A catoblepas (D)
  An ogre mage (D)
  Erica (D)
  2 centaur warriors (D)
  A tengu warrior (D)
  2 orc high priests (D)
  An orc knight (D)
  A necromancer (D)
  A cyclops (D)
  2 orc sorcerers (D)
  2 black mambas (D)
  2 cane toads (D)
  2 komodo dragons (D)
  A rime drake (D)
  A troll (D)
  A blink frog (D)
  A slime creature (D)
  A wraith (D)
  2 wyverns (D)
  A vampire (D)
  3 yaks (D)
  A warg (D)
  3 acid dragons (D)
  4 water moccasins (D)
  A hell hound (D)
  11 orc warriors (D)
  6 wolves (D)
  A kobold brigand (D)
  A bullfrog (D)
  A hound (D)
  3 orc priests (D)
  5 orc wizards (D)
  2 adders (D)
  10 orcs (D)
  2 ball pythons (D)
  An endoplasm (D)
  A giant cockroach (D)
  A jackal (D)
  A bat (D)
  A quokka simulacrum (D)
88 creatures vanquished.

Vanquished Creatures (collateral kills)
  4 stone giants (D)
  A hydra (D)
  A centaur warrior (D)
  A catoblepas (D)
  An orc high priest (D)
  3 orc sorcerers (D)
  A cyclops (D)
  An ugly thing (D)
  2 orcs (D)
15 creatures vanquished.

Grand Total: 103 creatures vanquished

Notes
Turn   | Place    | Note
-------+----------+-------------------------------------------
     0 | D        | JOEMAMA2 the Minotaur Berserker began the quest for the
                  | Orb.
     0 | D        | Reached XP level 1. HP: 19/19 MP: 0/0
     6 | D        | Reached skill level 4 in Axes
     9 | D        | Reached ** piety under Trog
    20 | D        | Noticed a hound
    26 | D        | Killed a hound
    26 | D        | Reached *** piety under Trog
    27 | D        | Reached skill level 5 in Fighting
    27 | D        | Reached skill level 6 in Axes
    27 | D        | Reached XP level 2. HP: 30/30 MP: 1/1
    27 | D        | Reached XP level 3. HP: 37/37 MP: 2/2
    34 | D        | Reached skill level 7 in Axes
    39 | D        | Found a snail-covered altar of Cheibriados.
    39 | D        | Found a shadowy altar of Dithmenos.
    39 | D        | Found a white marble altar of Elyvilon.
    39 | D        | Found a blossoming altar of Fedhas.
    39 | D        | Found an opulent altar of Gozag.
    40 | D        | Found a hazy altar of Hepliaklqana.
    41 | D        | Found a viscous altar of Jiyva.
    42 | D        | Found an ancient bone altar of Kikubaaqudgha.
    43 | D        | Found a corrupted altar of Lugonu.
    44 | D        | Found a burning altar of Makhleb.
    45 | D        | Found a sparkling altar of Nemelex Xobeh.
    46 | D        | Found an iron altar of Okawaru.
    47 | D        | Found a stormy altar of Qazlal.
    48 | D        | Found a sacrificial altar of Ru.
    49 | D        | Found a shimmering blue altar of Sif Muna.
    50 | D        | Found a bloodstained altar of Trog.
    51 | D        | Found a hide-covered altar of Uskayaw.
    52 | D        | Found a radiant altar of Vehumet.
    53 | D        | Found an ornate altar of the Wu Jian Council.
    54 | D        | Found a shimmering altar of Xom.
    55 | D        | Found a basalt altar of Yredelemnul.
    56 | D        | Found a glowing silver altar of Zin.
    57 | D        | Found a glowing golden altar of the Shining One.
   124 | D        | Noticed an orc warrior
   124 | D        | Noticed a vampire
   124 | D        | Noticed an acid dragon
   124 | D        | Noticed a yak
   124 | D        | Noticed an acid dragon
   124 | D        | Noticed a kobold brigand
   127 | D        | Killed an orc warrior
   127 | D        | Reached **** piety under Trog
   128 | D        | Reached skill level 9 in Axes
   128 | D        | Reached XP level 4. HP: 48/48 MP: 3/3
   128 | D        | Reached XP level 5. HP: 53/53 MP: 4/4
   129 | D        | Killed a vampire
   130 | D        | Reached skill level 10 in Axes
   132 | D        | Killed an acid dragon
   133 | D        | Reached skill level 11 in Axes
   133 | D        | Reached skill level 5 in Armour
   133 | D        | Reached skill level 5 in Dodging
   133 | D        | Reached XP level 6. HP: 66/66 MP: 5/5
   135 | D        | Killed a yak
   135 | D        | Reached ***** piety under Trog
   136 | D        | Reached skill level 10 in Fighting
   136 | D        | Reached skill level 12 in Axes
   139 | D        | Killed an acid dragon
   140 | D        | Reached XP level 7. HP: 74/74 MP: 6/6
   143 | D        | Reached skill level 13 in Axes
   149 | D        | Noticed a cyclops
   149 | D        | Noticed a centaur warrior
   149 | D        | Noticed a catoblepas
   149 | D        | Noticed a wraith
   149 | D        | Noticed a troll
   154 | D        | Killed a cyclops
   155 | D        | Reached skill level 14 in Axes
   155 | D        | Reached XP level 8. HP: 71/84 MP: 7/7
   165 | D        | Killed a centaur warrior
   166 | D        | Reached skill level 15 in Axes
   173 | D        | Killed a catoblepas
   174 | D        | Reached skill level 17 in Axes
   174 | D        | Reached XP level 9. HP: 95/95 MP: 8/8
   185 | D        | Killed a troll
   919 | D        | Got the +6 rapier of Nechonwaw {vorpal, rC+ rCorr MP-9}
   938 | D        | Noticed a cane toad
   938 | D        | Noticed a black mamba
   942 | D        | Noticed a komodo dragon
   944 | D        | Reached skill level 18 in Axes
   945 | D        | Killed a cane toad
   950 | D        | Killed a black mamba
   950 | D        | Received a gift from Trog
   951 | D        | Reached skill level 15 in Fighting
   959 | D        | Killed a komodo dragon
   960 | D        | Reached skill level 19 in Axes
   960 | D        | Reached XP level 10. HP: 106/106 MP: 9/9
   982 | D        | Noticed a cane toad
   983 | D        | Noticed a catoblepas
   990 | D        | Reached skill level 10 in Armour
   990 | D        | Reached skill level 1 in Stealth
   990 | D        | Noticed a black mamba
   994 | D        | Killed a catoblepas
   995 | D        | Reached skill level 20 in Axes
   995 | D        | Reached skill level 10 in Dodging
   996 | D        | Received a gift from Trog
   997 | D        | Killed a cane toad
  1010 | D        | Killed a black mamba
  1039 | D        | Received a gift from Trog
  1042 | D        | Reached skill level 21 in Axes
  1046 | D        | Reached ****** piety under Trog
  1683 | D        | Noticed Erica
  1696 | D        | Killed Erica
  1697 | D        | Reached XP level 11. HP: 91/116 MP: 10/10
  2038 | D        | Noticed Harold
  2056 | D        | Killed Harold
  2056 | D        | Received a gift from Trog
  2108 | D        | Identified the +10 executioner's axe of the Hidden Vale
                  | {vorpal, rC+ Str+4 Int-5} (Trog gifted it to you in the
                  | Dungeon)
  2108 | D        | Received a gift from Trog
  2112 | D        | Noticed an orc knight
  2129 | D        | Killed an orc knight
  2130 | D        | Reached skill level 22 in Axes
  2155 | D        | Lost intelligence.
  2422 | D        | Noticed an orc high priest
  2438 | D        | Killed an orc high priest
  2438 | D        | Received a gift from Trog
  2452 | D        | Received a gift from Trog
  2485 | D        | Found Inokhecs's Book Emporium.
  2485 | D        | Noticed an orc sorcerer
  2485 | D        | Noticed an orc sorcerer
  2485 | D        | Noticed an orc high priest
  2490 | D        | Killed an orc sorcerer
  2492 | D        | Killed an orc sorcerer
  2493 | D        | Reached skill level 23 in Axes
  2495 | D        | Found Xog Uwk's Book Shoppe.
  2495 | D        | Noticed a soul eater
  2496 | D        | Noticed an orc sorcerer
  2500 | D        | Killed an orc high priest
  2501 | D        | Received a gift from Trog
  2503 | D        | Found Jilu's Armour Emporium.
  2505 | D        | Killed an orc sorcerer
  2508 | D        | Found Lacaifai's Book Shoppe.
  2511 | D        | Noticed an orc sorcerer
  2519 | D        | Noticed an orc sorcerer
  2520 | D        | Killed an orc sorcerer
  2521 | D        | Noticed an orc high priest
  2525 | D        | Killed an orc sorcerer
  2528 | D        | Noticed a sun demon
  2528 | D        | Killed an orc high priest
  2546 | D        | Bought the +2 pair of gloves of Oqomiy {Str+4 SInv} for 341
                  | gold pieces
  2991 | D        | Got the +0 ring mail "Dixzalach" {rC+ Str+3}
  3019 | D        | Noticed a centaur warrior
  3019 | D        | Noticed a centaur warrior
  3019 | D        | Noticed a tengu warrior
  3021 | D        | Killed a centaur warrior
  3022 | D        | Noticed an ogre mage
  3024 | D        | Killed a centaur warrior
  3024 | D        | Received a gift from Trog
  3025 | D        | Reached skill level 24 in Axes
  3025 | D        | Noticed a four-headed hydra
  3026 | D        | Killed a tengu warrior
  3027 | D        | Noticed a necromancer
  3030 | D        | Reached XP level 12. HP: 130/130 MP: 11/11
  3030 | D        | Noticed a stone giant
  3033 | D        | Noticed a stone giant
  3034 | D        | Noticed a stone giant
  3035 | D        | Killed an ogre mage
  3041 | D        | Killed a five-headed hydra
  3045 | D        | Killed a stone giant
  3048 | D        | Killed a stone giant
  3049 | D        | Reached skill level 25 in Axes
  3049 | D        | Killed a stone giant
  3052 | D        | Received a gift from Trog
  3056 | D        | Noticed a stone giant
  3068 | D        | Noticed a stone giant
  3071 | D        | Killed a stone giant
  3072 | D        | Reached skill level 15 in Armour
  3078 | D        | Killed a stone giant
  3617 | D        | Noticed Rupert
  3631 | D        | Demolished by Rupert

Illustrated notes

Levels and vault maps discovered:
D:        linesprint [early_d, line_temple, items_1, d_10, items_2, lair_1,
          lair_end, items_3, orc_1, orc_end, items_4, d_15, swamp_1, shoals_1,
          snake_1, spider_1, d_20, vaults_1, items_5, swamp_end, shoals_end,
          snake_end, spider_end, vaults_end, d_27, items_6, zot_1, zot_end,
          crypt_end, forest_end, elf_end, slime_end, tomb_end, abyss_end,
          pan_hell_end]

Skill      XL: |  1  2  3  4  5  6  7  8  9 10 11 12 |
---------------+-------------------------------------+-----
Fighting       | 5 7 9 11 12 14 15 16 19 20 | 20.4
Axes           | 6 9 11 12 14 17 19 21 24 25 | 25.8
Armour         | 3 4 5 6 8 9 11 13 15 | 15.4
Dodging        | 3 4 5 6 8 9 10 12 | 12.6
Stealth        | 1 2 |  2.9

Action                   |  1- 3 |  4- 6 |  7- 9 | 10-12 || total
-------------------------+-------+-------+-------+-------++-------
Melee: Hand axe          |    20 |       |       |       ||    20
       Headbutt          |     4 |     4 |     2 |    27 ||    37
       War axe           |     2 |    11 |    31 |     4 ||    48
       Battleaxe         |       |       |       |    96 ||    96
       Executioner's axe |       |       |       |    60 ||    60
Invok: Berserk           |     1 |       |     1 |     7 ||     9
       Brothers in Arms  |       |       |     2 |     8 ||    10
       Trog's Hand       |       |       |     2 |     1 ||     3
  Use: Potion            |     2 |       |       |       ||     2
       Scroll            |       |       |     8 |       ||     8
Armor: Animal skin       |     4 |       |       |       ||     4
       Scale mail        |       |       |     7 |    23 ||    30
       Plate armour      |       |       |       |    21 ||    21
Dodge: Dodged            |    13 |     3 |    18 |    96 ||   130

Table legend: (Time is in decaauts)
 A = Elapsed time spent in this place.
 B = Non-inter-level travel time spent in this place.
 C = Inter-level travel time spent in this place.
 D = Time resting spent in this place.
 E = Time spent auto-exploring this place.
 F = Levels seen in this place.
 G = Mean time per level.
                   A        B        C        D        E       F      G
               +--------+--------+--------+--------+--------+-----+--------+
         Total |   4317 |   3873 |    444 |   2502 |    143 |   1 | 4317.0 |
       Dungeon |   4317 |   3873 |    444 |   2502 |    143 |   1 | 4317.0 |
               +--------+--------+--------+--------+--------+-----+--------+

Top non-repeatable levels by time:
       D: 4317 daAuts
